[Event "Late-Titled-Tuesday-Blitz-September-26-2023"]
[Site "Chess.com"]
[Date "2023.09.26"]
[Round "6"]
[White "Pedrada88"]
[Black "Beca95"]
[Result "0-1"]
[WhiteElo "2562"]
[BlackElo "2930"]
[TimeControl "180+1"]
[EndTime "15:03:24 PDT"]
[Termination "Beca95 won by resignation"]

1. d4 Nf6 2. Nf3 c5 3. c3 e6 4. Bg5 h6 5. Bh4 d5 6. e3 Nbd7 7. Nbd2 Qc7 8. Bd3 b6 9. O-O Bb7 10. a4 Bd6 11. a5 O-O 12. Qe2 Ne4 13. Bg3 Nxg3 14. hxg3 c4 15. Bc2 f5 16. Nh4 g5 17. Qh5 Nf6 18. Qg6+ Qg7 19. Bxf5 gxh4 20. Bxe6+ Kh8 21. Qxg7+ Kxg7 22. gxh4 b5 23. a6 Bc8 24. Bxc8 Raxc8 25. Ra5 Rb8 26. b3 Bc7 27. Ra2 Rb6 28. Rb1 Kf7 29. bxc4 bxc4 30. Rxb6 Bxb6 31. Rb2 Ke6 32. f3 Kd6 33. e4 Kc6 34. exd5+ Nxd5 35. Nxc4 Re8 36. Ne5+ Rxe5 37. Rxb6+ Kxb6 38. dxe5 Kxa6 39. c4 Ne7 40. g4 Kb6 41. g5 hxg5 42. h5 Nf5 43. e6 Kc7 44. c5 a5 45. c6 Kxc6 46.
f4 gxf4 47. Kf2 a4 48. Kf3 a3 49. Kxf4 Ne7 50. h6 a2 51. Kg5 a1=Q 52. h7 Qg7+ 0-1

[Event "Late-Titled-Tuesday-Blitz-September-26-2023"]
[Site "Chess.com"]
[Date "2023.09.26"]
[Round "6"]
[White "alexrustemov"]
[Black "Alphafischer2019"]
[Result "1-0"]
[WhiteElo "2876"]
[BlackElo "2583"]
[TimeControl "180+1"]
[EndTime "15:03:24 PDT"]
[Termination "alexrustemov won on time"]

1. d4 Nf6 2. c4 c5 3. d5 e5 4. Nc3 d6 5. e4 g6 6. Bd3 Bg7 7. Nge2 h6 8. f3 O-O 9. Be3 a6 10. a4 Nbd7 11. Qd2 Kh7 12. g4 Ne8 13. h4 Rb8 14. Ng3 b6 15. h5 g5 16. Nf5 Ndf6 17.
a5 bxa5 18. Ne2 Ng8 19. Neg3 Rb4 20. Qc2 Qb6 21. Ra2 Qb8 22. Bd2 Rb7 23. Bxa5 Ne7 24. Ne3 Nf6 25. O-O Bd7 26. Rb1 Qa7 27. b3 Rbb8 28.
Kg2 Rfc8 29. Rba1 Qb7 30. Ra3 Ra8 31. Bc3 Rcb8 32. Qd2 Bc8 33. Bc2 Qd7 34. Rb1 Ra7 35. b4 cxb4 36. Rxb4 Rxb4 37. Bxb4 Rc7 38. Bd3 Bb7 39.
Ngf5 Nxf5 40. Nxf5 Bf8 41. Ra5 Rc8 42. Qb2 Qc7 43.
Qa3 Ne8 44. Be1 Ng7 45. Ng3 Be7 46. Bf2 1-0

[Event "Late-Titled-Tuesday-Blitz-September-26-2023"]
[Site "Chess.com"]
[Date "2023.09.26"]
[Round "6"]
[White "Chempiblinka"]
[Black "KorolDimitriy75"]
[Result "1-0"]
[WhiteElo "2230"]
[BlackElo "2371"]
[TimeControl "180+1"]
[EndTime "15:03:26 PDT"]
[Termination "Chempiblinka won on time"]

1. Nf3 c5 2. g3 g6 3. Bg2 Bg7 4. c4 Nc6 5. O-O Nh6 6. d4 cxd4 7. Bxh6 Bxh6 8. Nxd4 Bg7 9. e3 Qb6 10. Nc3 O-O 11.
Nd5 Qxb2 12. Rb1 Qxa2 13. Nxc6 dxc6 14. Nxe7+ Kh8 15. Nxc8 Raxc8 16. Rxb7 Qxc4 17. Rxa7 Qe6 18. Qa4 c5 19. Ra6 Qe5 20. Qc4 h5 21. h4 Rc7 22.
Rd1 Rfc8 23. Rd5 Qc3 24. Bf1 Qb4 25. Rad6 Kh7 26. Rd7 Kg8 27. Rd8+ Rxd8 28. Rxd8+ Kh7 29.
Be2 Qc3 30. Kg2 Qe5 31. Bf3 Qf6 32. Rd5 Qc3 33. Qe4 Kh6 34. Qf4+ Kh7 35. Qxc7 1-0

[Event "Late-Titled-Tuesday-Blitz-September-26-2023"]
[Site "Chess.com"]
[Date "2023.09.26"]
[Round "6"]
[White "Agibileg"]
[Black "reevecanada"]
[Result "0-1"]
[WhiteElo "2678"]
[BlackElo "2533"]
[TimeControl "180+1"]
[EndTime "15:03:27 PDT"]
[Termination "reevecanada won by resignation"]

1. d4 Nf6 2. c4 g6 3. Nc3 d5 4.
cxd5 Nxd5 5. e4 Nxc3 6. bxc3 Bg7 7. Nf3 c5 8. Rb1 Nc6 9. d5 Ne5 10. Nxe5 Bxe5 11. Qd2 Bg7 12. f4 O-O 13. Be2 e6 14. d6 e5 15. O-O exf4 16. Qxf4 Bxc3 17. Bc4 Be6 18. Bxe6 fxe6 19. Qxf8+ Qxf8 20. Rxf8+ Rxf8 21. Bg5 Bd4+ 22. Kh1 Bf6 23. Bxf6 Rxf6 24. Kg1 Rf7 25. Rb5 b6 26. a4 Kf8 27. a5 Rb7 28. e5 Ke8 29. h4 Kd7 30. a6 Rb8 31. h5 Kc6 32. Rb2 gxh5 33. Kf2 Kd5 34. Re2 b5 35. Kg3 c4 36. Kf4 Rf8+ 37. Kg5 b4 38. Kh6 c3 39. Kg7 Rd8 40. Kf7 b3 41. Ke7 Rb8 42. d7 b2 43. Rc2 b1=Q 44. Rxc3 Qb4+ 45. Kf6 0-1

[Event "Late-Titled-Tuesday-Blitz-September-26-2023"]
[Site "Chess.com"]
[Date "2023.09.26"]
[Round "6"]
[White "traack"]
[Black "CURRUTACO59"]
[Result "1-0"]
[WhiteElo "2399"]
[BlackElo "2252"]
[TimeControl "180+1"]
[EndTime "15:03:27 PDT"]
[Termination "traack won on time"]

1. e4 e5 2. Nf3 Nc6 3. Nc3 Bb4 4.
Nd5 Nf6 5. Nxb4 Nxb4 6. d3 Nc6 7. g3 d5 8. exd5 Nxd5 9. Bg2 f6 10. O-O Be6 11. Re1 O-O 12. d4 Bg4 13. h3 Bh5 14. g4 Bg6 15. dxe5 fxe5 16. Nxe5 Nxe5 17. Qxd5+ Nf7 18. Bf4 c6 19. Qb3 Qb6 20. Re7 Kh8 21. Qxb6 axb6 22. Rxb7 Bxc2 23. Rxb6 Nd8 24. Be3 Ra4 25.
Bxc6 Nxc6 26. Rxc6 Bb3 27. a3 h6 28. Rac1 Bd5 29. Rc7 Re4 30. Rd7 Ba8 31. Rcc7 Rg8 32. Bxh6 Re1+ 33. Kh2 Rh1+ 34. Kg3 Rg1+ 35. Kh4 1-0

[Event "Late-Titled-Tuesday-Blitz-September-26-2023"]
[Site "Chess.com"]
[Date "2023.09.26"]
[Round "6"]
[White "moro182"]
[Black "MagnusCarlsen"]
[Result "0-1"]
[WhiteElo "2896"]
[BlackElo "3287"]
[TimeControl "180+1"]
[EndTime "15:03:28 PDT"]
[Termination "MagnusCarlsen won on time"]

1. c4 b6 2. Nc3 Bb7 3. e4 e5 4.
g3 Bc5 5. Bg2 Nc6 6. Nge2 Nge7 7. O-O O-O 8. d3 a5 9. Nd5 Nd4 10. Be3 Nxe2+ 11. Qxe2 Nc6 12. f4 Nd4 13. Qf2 d6 14.
Rae1 f6 15. f5 b5 16. g4 bxc4 17. dxc4 Rb8 18. b3 a4 19. Rb1 axb3 20. axb3 Bxd5 21. exd5 Nxb3 22. h4 Bxe3 23. Qxe3 Nc5 24. Kh2 Rxb1 25.
Rxb1 Qa8 26. g5 Qa2 27. Rc1 Qb3 28. Qxb3 Nxb3 29. Rb1 Nd2 30. Rb4 fxg5 31. hxg5 e4 32. Kg3 Rxf5 33. Bh3 Rf3+ 34. Kg2 Kf7 35. Rb7 Kg6 36.
Rxc7 e3 37. Re7 Rf2+ 38. Kg3 Nxc4 39. Kh4 Rf4+ 40. Bg4 Ne5 41. Re6+ Kf7 0-1

[Event "Late-Titled-Tuesday-Blitz-September-26-2023"]
[Site "Chess.com"]
[Date "2023.09.26"]
[Round "6"]
[White "iturrizaga"]
[Black "IlanSchnaider"]
[Result "1-0"]
[WhiteElo "3002"]
[BlackElo "2809"]
[TimeControl "180+1"]
[EndTime "15:03:30 PDT"]
[Termination "iturrizaga won by resignation"]

1. c4 Nf6 2. g3 g6 3. Bg2 Bg7 4. Nc3 O-O 5. d4 Nc6 6. e4 e5 7. dxe5 Nxe5 8. b3 c6 9. Nge2 d5 10. exd5 cxd5 11. cxd5 Bg4 12. O-O Bf3 13. Bxf3 Nxf3+ 14. Kg2 Ne5 15. Bf4 Re8 16. Rc1 Rc8 17. Qd4 Nfd7 18.
Rfd1 Nc5 19. Bxe5 Rxe5 20. Nf4 Rf5 21. Qb4 Bh6 22. Nce2 a5 23. Qd4 b6 24. d6 Ne6 25.
Nxe6 fxe6 26. Rxc8 Qxc8 27. d7 Qd8 28. Qd6 Kf7 29. Nd4 Rf6 30. Nc6 Rxf2+ 31. Kxf2 Qf6+ 32. Kg2 Qb2+ 33. Kh1 Qe2 34. Ne5+ Kf6 35. d8=Q+ Kf5 1-0

[Event "Late-Titled-Tuesday-Blitz-September-26-2023"]
[Site "Chess.com"]
[Date "2023.09.26"]
[Round "6"]
[White "bettercallcafu"]
[Black "angryspacevoid"]
[Result "1-0"]
[WhiteElo "2689"]
[BlackElo "2514"]
[TimeControl "180+1"]
[EndTime "15:03:30 PDT"]
[Termination "bettercallcafu won by checkmate"]

1. d4 d5 2. Nc3 c5 3. e4 e5 4. dxe5 d4 5. Nd5 Nc6 6. f4 Nge7 7. Nxe7 Qxe7 8. Nf3 Bg4 9. Bc4 g5 10. h3 Bxf3 11.
Qxf3 O-O-O 12. Bd5 Nb4 13. Qb3 f6 14. exf6 Qxf6 15.
Be6+ Kb8 16. fxg5 Nxc2+ 17. Qxc2 Qxe6 18. Bf4+ Bd6 19. Bxd6+ Qxd6 20. O-O-O Rhg8 21. h4 c4 22. Kb1 Rc8 23. Rhf1 Rgd8 24. Qf2 Rf8 25. Qc2 Rxf1 26. Rxf1 c3 27. Rd1 Qe5 28. Rf1 cxb2 29. Qd3 Rc3 30. Rf8+ Kc7 31. Rf5 Qd6 32. Qd2 Qb4 33. Qxb2 Qc4 34.
Qd2 Qb4+ 35. Ka1 Qc4 36. Qf4+ Kb6 37. Qd6+ Qc6 38. Qb4+ Ka6 39. Ra5# 1-0

[Event "Late-Titled-Tuesday-Blitz-September-26-2023"]
[Site "Chess.com"]
[Date "2023.09.26"]
[Round "6"]
[White "GMBenjaminBok"]
[Black "ShiroglanTalibov"]
[Result "1/2-1/2"]
[WhiteElo "2967"]
[BlackElo "2860"]
[TimeControl "180+1"]
[EndTime "15:03:31 PDT"]
[Termination "Game drawn by repetition"]

1. d4 Nf6 2. c4 e6 3. Nc3 d5 4. cxd5 exd5 5. Bg5 Bb4 6. e3 h6 7. Bh4 O-O 8. Bd3 c5 9. dxc5 Na6 10. Ne2 Nxc5 11. O-O Be6 12. Rc1 Rc8 13. Nf4 Nxd3 14.
Qxd3 Bxc3 15. Rxc3 Rxc3 16. Qxc3 Ne4 17. Bxd8 Nxc3 18.
Be7 Re8 19. Bc5 Ne4 20. Bd4 Rc8 21. f3 Nd6 22. Bxa7 Rc2 23. Bd4 Nf5 24. Rb1 Nxd4 25. exd4 Rd2 26. Re1 Rxb2 27. Nxe6 fxe6 28. Rxe6 Rd2 29.
Rb6 Rxd4 30. Rxb7 Rd1+ 31. Kf2 Rd2+ 32. Kg3 Rxa2 33. Rd7 Rd2 34. h4 h5 35. Kh3 d4 36.
Rd5 g6 37. Rd7 d3 38. g4 Rd1 39. gxh5 gxh5 40. Kg3 Kf8 41. Kf4 d2 42. Ke3 Rh1 43.
Rxd2 Rxh4 44. Rd7 Ra4 45. f4 h4 46. Kf3 h3 47. Rh7 Ra3+ 48. Kg4 Kg8 49. Rxh3 Rxh3 50. Kxh3 Kf7 51. Kg4 Kf6 52. f5 Kf7 53. Kg5 Kg7 54. f6+ Kf7 55. Kf5 Kf8 56. Ke5 Kf7 57. Kf5 Kf8 58.
Ke6 Ke8 59. Ke5 Kf7 60. Kf5 1/2-1/2

[Event "Late-Titled-Tuesday-Blitz-September-26-2023"]
[Site "Chess.com"]
[Date "2023.09.26"]
[Round "6"]
[White "PepeCuenca"]
[Black "The_Straightforward_Rook"]
[Result "0-1"]
[WhiteElo "2681"]
[BlackElo "2536"]
[TimeControl "180+1"]
[EndTime "15:03:33 PDT"]
[Termination "The_Straightforward_Rook won on time"]

1. c4 e5 2. Nc3 Nf6 3. Nf3 e4 4. Ng5 c6 5. Ngxe4 Nxe4 6. Nxe4 d5 7. cxd5 cxd5 8. Ng3 h5 9. e3 h4 10. Ne2 Nc6 11. d4 Qf6 12. Nc3 Bd6 13. Nxd5 Qg6 14.
Nc3 Bf5 15. f3 Bxh2 16. e4 Qg3+ 17. Ke2 Bg6 18. Be3 h3 19. gxh3 Bh5 20. Kd2 Bxf3 21. Be2 Bxh1 22. Qxh1 Rxh3 23. Nd1 O-O-O 24. d5 Kb8 25.
Qf1 Ne5 26. Rc1 g6 27. Rc3 Qh4 28. Kc2 Qxe4+ 29. Kc1 Rhh8 30. Nf2 Qxd5 31. Kb1 Bg3 32.
Nd1 Rh1 33. Bg1 Bh2 34. Bxh2 Rxf1 0-1

[Event "Late-Titled-Tuesday-Blitz-September-26-2023"]
[Site "Chess.com"]
[Date "2023.09.26"]
[Round "6"]
[White "whitemirrorninja"]
[Black "The_Princess_Moon"]
[Result "1-0"]
[WhiteElo "2484"]
[BlackElo "2286"]
[TimeControl "180+1"]
[EndTime "15:03:36 PDT"]
[Termination "whitemirrorninja won by resignation"]

1. e4 c5 2. Nf3 a6 3. c4 Nc6 4.
Nc3 d6 5. d4 cxd4 6. Nxd4 Nxd4 7.
Qxd4 Nf6 8. Bg5 g6 9. Bxf6 exf6 10. O-O-O Be6 11. Kb1 Be7 12. h4 h5 13. f4 Bg4 14.
Be2 Bxe2 15. Nxe2 O-O 16. g4 hxg4 17. h5 Kg7 18. hxg6 fxg6 19. f5 g5 20. Ng3 Qa5 21.
e5 Qxe5 22. Qxg4 Rh8 23. Rhe1 Rh4 24. Qf3 Qf4 25. Rxe7+ Kh6 26. Qxb7 Rh8 27. Ne4 Qxf5 28. a3 Rh2 29. Rxd6 Qe5 30. Rxe5 1-0

[Event "Late-Titled-Tuesday-Blitz-September-26-2023"]
[Site "Chess.com"]
[Date "2023.09.26"]
[Round "6"]
[White "BeautiFullMindChess"]
[Black "Dewarfd"]
[Result "1-0"]
[WhiteElo "2391"]
[BlackElo "2209"]
[TimeControl "180+1"]
[EndTime "15:03:36 PDT"]
[Termination "BeautiFullMindChess won by resignation"]

1. e4 e5 2. Nf3 Nc6 3. d4 exd4 4. Nxd4 Nf6 5. Nxc6 bxc6 6. e5 Qe7 7. Qe2 Nd5 8. h4 g6 9. c4 Ba6 10. Bg5 Qb4+ 11.
Nd2 Qxb2 12. Rb1 Qxa2 13. Qf3 Bb4 14. Rxb4 Nxb4 15. Qf6 Nc2+ 16. Kd1 Qa3 17. Qxh8+ Qf8 18. Qxf8+ Kxf8 19. Kxc2 Re8 20. f4 c5 21. h5 d6 22.
hxg6 fxg6 23. Rxh7 Kg8 24. Rxc7 dxe5 25. fxe5 Rxe5 26. Bf6 Rf5 27. Bc3 Rf2 28. Bd3 Kf8 29. g4 Rg2 30. Rxa7 Bxc4 31. Bxc4 Rxg4 32. Bf6 Ke8 33.
Be6 1-0

[Event "Late-Titled-Tuesday-Blitz-September-26-2023"]
[Site "Chess.com"]
[Date "2023.09.26"]
[Round "6"]
[White "canary2016"]
[Black "expii"]
[Result "0-1"]
[WhiteElo "2118"]
[BlackElo "2241"]
[TimeControl "180+1"]
[EndTime "15:03:37 PDT"]
[Termination "expii won by resignation"]

1. e4 c5 2. d4 cxd4 3. c3 dxc3 4.
Nxc3 d6 5. Nf3 Nc6 6. Bb5 Nf6 7. Bf4 e5 8. Bg3 Be7 9. O-O O-O 10. Rc1 a6 11.
Ba4 Bg4 12. h3 Bh5 13. Qd3 b5 14. Bb3 Bxf3 15. Qxf3 Nd4 16. Qd1 Nxb3 17. Qxb3 Rc8 18. Nd5 Nxd5 19. Qxd5 Qa5 20. Qb7 Rxc1 21. Rxc1 Bg5 22.
Rc8 g6 23. Qb8 Rxc8 24. Qxc8+ Kg7 25. a3 Qe1+ 26. Kh2 h5 27. h4 Bf4 28. Bxf4 exf4 29.
Qc3+ Qxc3 30. bxc3 Kf6 31. f3 Ke5 32. Kg1 d5 33. exd5 Kxd5 34. Kf2 Kc4 35. Ke2 Kxc3 36.
Kd1 a5 37. Kc1 b4 38. axb4 axb4 39. Kb1 Kd3 40. Kb2 Ke3 41. Kb3 Kf2 0-1

[Event "Late-Titled-Tuesday-Blitz-September-26-2023"]
[Site "Chess.com"]
[Date "2023.09.26"]
[Round "6"]
[White "2k28Lakers"]
[Black "German_Bazeev"]
[Result "0-1"]
[WhiteElo "2560"]
[BlackElo "2753"]
[TimeControl "180+1"]
[EndTime "15:03:39 PDT"]
[Termination "German_Bazeev won by resignation"]

1. e4 g6 2. d4 Bg7 3. Nc3 d6 4. Be3 Nd7 5. h4 h5 6. Nf3 Ngf6 7. Ng5 Ng4 8. Bc4 O-O 9. Qf3 e6 10. O-O-O c6 11. Bf4 d5 12. Be2 b5 13. Bd6 b4 14.
Bxb4 c5 15. dxc5 d4 16. Nb5 Nde5 17.
Qg3 Nc6 18. Ba3 Qa5 19. Nd6 Rb8 20. Nc4 Qa4 21. b3 Qa6 22. Bxg4 Ne5 23. Nxe5 Qxa3+ 24. Kb1 hxg4 25. Nc4 Qb4 26. h5 Qxc4 27. Qxb8 Qc3 28. h6 Bf6 29. h7+ Kh8 30. Nxf7+ Kg7 31. h8=Q+ Rxh8 32.
Rxh8 d3 33. Rg8+ Kxg8 34. Qxc8+ Kxf7 35. Qd7+ Kf8 36. Qc8+ Kg7 37. Qd7+ Kh6 38. e5 Qxc2+ 39. Ka1 Bxe5+ 0-1

[Event "Late-Titled-Tuesday-Blitz-September-26-2023"]
[Site "Chess.com"]
[Date "2023.09.26"]
[Round "6"]
[White "invisible_s0ul"]
[Black "Gyulamiryan-koryun"]
[Result "1-0"]
[WhiteElo "2290"]
[BlackElo "2015"]
[TimeControl "180+1"]
[EndTime "15:03:41 PDT"]
[Termination "invisible_s0ul won on time"]

1. g3 Nf6 2. Bg2 g6 3. Nc3 Bg7 4. d4 O-O 5. e4 d6 6. Nge2 Nbd7 7.
O-O Nb6 8. a4 Bg4 9. a5 Nc8 10.
h3 Bd7 11. e5 dxe5 12. dxe5 Ne8 13. Bxb7 Rb8 14. Bc6 Ncd6 15. Bxd7 Qxd7 16. exd6 Nxd6 17. Kh2 h5 18. b3 Qc6 19. Bb2 Rbd8 20. Qd5 Qxd5 21.
Nxd5 Bxb2 22. Nxe7+ Kg7 23. Rab1 Bf6 24. Nc6 Rde8 25.
Nf4 a6 26. Nd5 Re2 27. Ncb4 Bd4 28. Kg2 1-0

[Event "Late-Titled-Tuesday-Blitz-September-26-2023"]
[Site "Chess.com"]
[Date "2023.09.26"]
[Round "6"]
[White "AlexPapasimakopoulos"]
[Black "Likvidator228"]
[Result "0-1"]
[WhiteElo "2700"]
[BlackElo "2558"]
[TimeControl "180+1"]
[EndTime "15:03:42 PDT"]
[Termination "Likvidator228 won by resignation"]

1. d4 f5 2. Bg5 g6 3. Nc3 Nh6 4.
e4 Nf7 5. Be3 d6 6. Nf3 Bg7 7.
Qd2 Nc6 8. h4 e5 9. dxe5 Ncxe5 10. O-O-O Nxf3 11. gxf3 Ne5 12. Be2 Be6 13. f4 Ng4 14.
Bxg4 fxg4 15. Bd4 Qd7 16. f5 Bg8 17. Bxg7 Qxg7 18. Qg5 h5 19. e5 Qh6 20. exd6 Qxg5+ 21. hxg5 cxd6 22. Nb5 O-O-O 23. Nxd6+ Kb8 24. fxg6 Be6 25.
Nf7 Rxd1+ 26. Rxd1 Rg8 27. Ne5 h4 28. Rh1 h3 29. f3 g3 30. Ng4 Bxg4 31. fxg4 g2 32. Rg1 h2 33. Rxg2 h1=Q+ 0-1

[Event "Late-Titled-Tuesday-Blitz-September-26-2023"]
[Site "Chess.com"]
[Date "2023.09.26"]
[Round "6"]
[White "JoseRemolar"]
[Black "MKlose11"]
[Result "1-0"]
[WhiteElo "2405"]
[BlackElo "2581"]
[TimeControl "180+1"]
[EndTime "15:03:44 PDT"]
[Termination "JoseRemolar won by resignation"]

1. e4 e6 2. d4 d5 3. e5 c5 4. c3 Nc6 5. Nf3 Bd7 6. Be2 f6 7. O-O fxe5 8. Nxe5 Nxe5 9. dxe5 g6 10.
Nd2 Bg7 11. f4 Ne7 12. Nf3 O-O 13. Be3 Qc7 14. Kh1 Rab8 15. a3 b5 16. b4 cxb4 17. axb4 Rb7 18. Bc5 Nf5 19. g4 Nh6 20. Nd4 Rc8 21. Ra6 Bf8 22. Nxe6 Bxe6 23. Rxe6 Bxc5 24. Qxd5 Qf7 25. bxc5 Rd7 26. Qa2 Rxc5 27. Rxg6+ hxg6 28. e6 Qe7 29. exd7+ Kg7 30. Qxa7 Qxe2 31. d8=Q+ Nf7 32. Qd4+ Re5 33. Qa1 Qxg4 34. fxe5 1-0

[Event "Late-Titled-Tuesday-Blitz-September-26-2023"]
[Site "Chess.com"]
[Date "2023.09.26"]
[Round "6"]
[White "Smiechu"]
[Black "GothamChess"]
[Result "0-1"]
[WhiteElo "2535"]
[BlackElo "2715"]
[TimeControl "180+1"]
[EndTime "15:03:45 PDT"]
[Termination "GothamChess won by resignation"]

1. e4 c6 2. d4 d5 3. f3 e5 4. dxe5 Bc5 5. Qe2 Ne7 6. Be3 Qb6 7. Bxc5 Qxb2 8. Qd1 Qxa1 9. Bxe7 Kxe7 10. exd5 Qxe5+ 11. Be2 Qxd5 12. Bd3 Bf5 13. Ne2 Bxd3 14. cxd3 Re8 15.
O-O Kf8 16. Nbc3 Qd6 17. Ne4 Qb4 18. Qc2 Na6 19. Rb1 Qe7 20. Nd4 Rab8 21. Nf5 Qe5 22. Nfd6 Re7 23. Qc4 Nc7 24. d4 Qd5 25. Qxd5 Nxd5 26.
Nc5 b6 27. a4 Rd8 28. Ncb7 Rdd7 29. Rc1 Rxb7 30. Nxb7 Rxb7 31. Rxc6 Rc7 32. Rd6 Nc3 33.
a5 bxa5 34. Ra6 a4 35. d5 Nxd5 36. Rxa4 Nb6 37. Ra6 Ke7 0-1

[Event "Late-Titled-Tuesday-Blitz-September-26-2023"]
[Site "Chess.com"]
[Date "2023.09.26"]
[Round "6"]
[White "IngOscarArdila"]
[Black "ozates"]
[Result "0-1"]
[WhiteElo "2378"]
[BlackElo "2530"]
[TimeControl "180+1"]
[EndTime "15:03:45 PDT"]
[Termination "ozates won by resignation"]

1. d4 f5 2. c4 Nf6 3. Nf3 e6 4. g3 Be7 5. Bg2 O-O 6. O-O d6 7. Nc3 a5 8. Re1 Ne4 9. Nxe4 fxe4 10. Nd2 d5 11. b3 c5 12. Bb2 Nc6 13. e3 Bf6 14.
Rc1 cxd4 15. exd4 Bxd4 16. Bxd4 Nxd4 17. Nf1 Qf6 18. Qd2 Nf3+ 19. Bxf3 Qxf3 20. Re3 Qf5 21.
Rec3 Bd7 22. Ne3 Qh5 23. cxd5 e5 24. Rc7 Rf7 25. d6 Raf8 26. Rf1 Qf3 27. Qd5 Kh8 28. Rxd7 Rxd7 29. Qxe5 Qf6 30. Qxe4 Qxd6 31. Nc4 Qc5 32. Ne3 Re7 33. Qc4 Qe5 34. a4 h6 35. Re1 Rc7 36. Qd3 Qc3 37. Qxc3 Rxc3 38. Rd1 Rxb3 39. Rd7 b5 40.
axb5 Rxb5 41. h4 Ra8 42. h5 a4 43. Kg2 a3 44. Ng4 a2 45. Ne5 Rxe5 0-1

[Event "Late-Titled-Tuesday-Blitz-September-26-2023"]
[Site "Chess.com"]
[Date "2023.09.26"]
[Round "6"]
[White "jinxy2009"]
[Black "Yushko_Olga"]
[Result "0-1"]
[WhiteElo "2283"]
[BlackElo "2054"]
[TimeControl "180+1"]
[EndTime "15:03:47 PDT"]
[Termination "Yushko_Olga won on time"]

1. e4 d6 2. d4 e5 3. Nf3 Nf6 4.
Nc3 Nbd7 5. Bc4 Be7 6. O-O O-O 7. Re1 c6 8. a4 exd4 9. Qxd4 Qc7 10. Bf4 Nh5 11. Be3 Ne5 12. Be2 Nf6 13. Rad1 Bg4 14.
Nxe5 dxe5 15. Qd2 Rad8 16. Qc1 Rxd1 17. Qxd1 Rd8 18. Qc1 Bxe2 19. Rxe2 Bb4 20. Na2 Ba5 21. b4 Bb6 22. Bg5 Rd6 23. a5 Bxa5 24. bxa5 Qxa5 25. Rd2 Nxe4 26. Rxd6 Nxd6 27. Qb1 h6 28. Be3 Nc4 29. h3 b6 30. Nc1 Qe1+ 31. Kh2 Nxe3 32. fxe3 Qxe3 33.
Nb3 Qf4+ 34. Kh1 c5 35. Qd1 Kh7 36. Qd3+ e4 37. Qa6 e3 38. Nc1 c4 0-1

[Event "Late-Titled-Tuesday-Blitz-September-26-2023"]
[Site "Chess.com"]
[Date "2023.09.26"]
[Round "6"]
[White "aNaartjieZA"]
[Black "platy3"]
[Result "0-1"]
[WhiteElo "2607"]
[BlackElo "2877"]
[TimeControl "180+1"]
[EndTime "15:03:48 PDT"]
[Termination "platy3 won by resignation"]

1. e4 c6 2. d3 d5 3. Nd2 Qc7 4.
Ngf3 Nd7 5. g3 g6 6. Bg2 Bg7 7.
O-O Ngf6 8. Re1 O-O 9. c3 e5 10. Qc2 b6 11. c4 d4 12. a3 a5 13. Rb1 a4 14. Rf1 c5 15. Nh4 Bb7 16. f4 Ng4 17. Ndf3 b5 18. cxb5 c4 19. h3 Ne3 20. Bxe3 dxe3 21. f5 Qc5 22. dxc4 Nf6 23. Ne1 g5 24. Nd3 Qe7 25. c5 gxh4 26. c6 Bc8 27. g4 Bh6 28. Rfe1 Rd8 29. Qc3 Rd4 30. b6 Ba6 31. b7 Re8 32. Nb4 Bxb7 33. cxb7 Qxb7 34.
Rxe3 Rc8 35. Qe1 Qb6 36. Kh1 Rxb4 37. axb4 Qxe3 38. Qxe3 Bxe3 39. Bf1 Nxe4 40. b5 Rc2 0-1

[Event "Late-Titled-Tuesday-Blitz-September-26-2023"]
[Site "Chess.com"]
[Date "2023.09.26"]
[Round "6"]
[White "Herman-NY"]
[Black "AEMEffi"]
[Result "0-1"]
[WhiteElo "2490"]
[BlackElo "2377"]
[TimeControl "180+1"]
[EndTime "15:03:50 PDT"]
[Termination "AEMEffi won on time"]

1. e4 e5 2. Nf3 Nc6 3. Bb5 Nf6 4. d3 Bc5 5. c3 d5 6. Nbd2 dxe4 7. dxe4 O-O 8. O-O a5 9. a4 Qe7 10. Qc2 Nb8 11.
h3 c6 12. Be2 h6 13. Nc4 Nbd7 14. Bd2 Ne8 15. Rfb1 Nd6 16. b4 Nxc4 17. Bxc4 Bb6 18.
Re1 Nf6 19. Qb3 Be6 20. Bxe6 Qxe6 21. Qxe6 fxe6 22. bxa5 Rxa5 23. c4 Ra6 24. a5 Ba7 25.
Bb4 Ra8 26. Rad1 b6 27. Nxe5 bxa5 28. Ba3 Rb6 29. Rd3 a4 0-1

[Event "Late-Titled-Tuesday-Blitz-September-26-2023"]
[Site "Chess.com"]
[Date "2023.09.26"]
[Round "6"]
[White "PawnEatingZombie"]
[Black "Nekoo04"]
[Result "1-0"]
[WhiteElo "2160"]
[BlackElo "2306"]
[TimeControl "180+1"]
[EndTime "15:03:50 PDT"]
[Termination "PawnEatingZombie won on time"]

1. e4 c5 2. c3 d5 3. exd5 Qxd5 4. d4 Nf6 5. Nf3 e6 6. Be3 cxd4 7. cxd4 Nc6 8. Nc3 Qd8 9. Bd3 Be7 10. O-O O-O 11. Re1 b6 12. Rc1 Bb7 13. Bb1 Rc8 14.
a3 Na5 15. Qd3 Nc4 16. Bg5 g6 17. Qe2 Bxf3 18. Qxf3 Nxb2 19. Ba2 Nd5 20. Bh6 Nxc3 21.
Rxc3 Qxd4 22. Rce3 Nc4 23. Re4 Qd5 24. Bxf8 Bxf8 25.
Qc3 b5 26. Qh3 1-0

[Event "Late-Titled-Tuesday-Blitz-September-26-2023"]
[Site "Chess.com"]
[Date "2023.09.26"]
[Round "6"]
[White "aranibos"]
[Black "SEBAZZANO"]
[Result "1/2-1/2"]
[WhiteElo "2274"]
[BlackElo "2213"]
[TimeControl "180+1"]
[EndTime "15:03:50 PDT"]
[Termination "Game drawn by repetition"]

1. d4 Nf6 2. c3 g6 3. Bg5 Bg7 4.
Nd2 d5 5. Bxf6 exf6 6. e3 O-O 7. h4 h5 8. Bd3 Nd7 9. Ne2 f5 10. Nf4 Nf6 11. Qc2 Re8 12. O-O-O Ne4 13. Nxe4 fxe4 14. Be2 Bf5 15. c4 c6 16. Kb1 Bh6 17.
g3 Bxf4 18. gxf4 dxc4 19. Bxc4 Be6 20. Bxe6 Rxe6 21. f5 gxf5 22. Qe2 Rh6 23. Rdg1+ Kh7 24. Rg5 Qf6 25. Rxh5 Rg8 26. Rxh6+ Qxh6 27. h5 Rg5 28. a3 Kg7 29. f4 Rg4 30. Qf2 Qf6 31. h6+ Kh7 32.
Qe2 Qg6 33. Qc4 Rg1+ 34. Rxg1 Qxg1+ 35. Ka2 Qg6 36. Qc5 Kxh6 37. Qxa7 Qe6+ 38. Ka1 b5 39. Qc5 Kg6 40. Qe5 Qxe5 41. dxe5 f6 42. exf6 Kxf6 43.
b3 Ke6 44. Kb2 Kd5 45. Kc3 Kc5 46. a4 b4+ 47. Kd2 Kb6 48. Ke2 c5 49. Ke1 Ka5 50. Kd2 Kb6 51. Kc2 Ka5 52. Kd2 Kb6 53. Ke1 Ka5 54. Kd2 1/2-1/2

[Event "Late-Titled-Tuesday-Blitz-September-26-2023"]
[Site "Chess.com"]
[Date "2023.09.26"]
[Round "6"]
[White "kai_nov"]
[Black "topin8"]
[Result "1-0"]
[WhiteElo "2266"]
[BlackElo "2417"]
[TimeControl "180+1"]
[EndTime "15:03:52 PDT"]
[Termination "kai_nov won on time"]

1. d4 Nf6 2. c4 c5 3. d5 d6 4. Nc3 g6 5. e4 Bg7 6. f3 O-O 7. Bg5 e6 8. Qd2 Re8 9. a4 Qa5 10. Ra3 exd5 11. cxd5 Bd7 12. Nge2 Na6 13. Ng3 Qb4 14. Be2 Nc7 15. Bf4 Bf8 16. O-O Qd4+ 17.
Qxd4 cxd4 18. Nb5 Bxb5 19. axb5 Ncxd5 20. exd5 Nxd5 21. Bd2 h5 22. Bd3 Nb6 23. Ne4 Kg7 24. Bb4 Nd5 25. Bxd6 Bxd6 26. Nxd6 Re3 27. Nxb7 Rc8 28.
Nd6 Rc7 29. Ne4 Nf4 30. Nf2 Rce7 31. g3 f5 32. gxf4 Rxf3 33. Kg2 1-0

[Event "Late-Titled-Tuesday-Blitz-September-26-2023"]
[Site "Chess.com"]
[Date "2023.09.26"]
[Round "6"]
[White "DonkyDonkyDonkey"]
[Black "ljm509"]
[Result "1-0"]
[WhiteElo "2738"]
[BlackElo "2336"]
[TimeControl "180+1"]
[EndTime "15:03:56 PDT"]
[Termination "DonkyDonkyDonkey won on time"]

1. d4 Nf6 2. Nc3 d5 3. Bf4 a6 4.
e3 e6 5. g4 c5 6. g5 Nfd7 7. Qg4 Nc6 8. Nf3 e5 9. dxe5 Ndxe5 10.
Qg3 Nxf3+ 11. Qxf3 d4 12. Nd5 Bd6 13. O-O-O O-O 14.
Rg1 Be6 15. Nf6+ Kh8 16. Nxh7 Kxh7 17. Qh5+ Kg8 18. Bd3 Re8 19. g6 Bxf4 20. gxf7+ Bxf7 21. Qh7+ Kf8 22. Qxg7+ Ke7 23. exf4 Qd5 24. c4 dxc3 25. Rge1+ Kd7 26. Bf5+ Kc7 27. Rxd5 cxb2+ 28. Kxb2 Rxe1 29. Qxf7+ Kb6 30. Rd2 Rae8 31. Bd7 1-0